 Dungeon Crawl Stone Soup version 0.29.0-4-gdea44cf6ec (webtiles) character file.

Game seed: 18162206090198242824

303 qw the Ruffian (level 6, 0/59 HPs)
             Began as a Troll Cinder Acolyte on Sept 1, 2022.
             Was a High Priest of Ignis.
             Killed from afar by Ijyb (12 damage)
             ... with a bolt of light
             ... on level 3 of the Dungeon.
             The game lasted 00:00:52 (1910 turns).

qw the Ruffian (Troll Cinder Acolyte)               Turns: 1910, Time: 00:00:52

Health: 0/59       AC: 11    Str: 25    XL:     6   Next: 15%
Magic:  6/6        EV:  9    Int: 10    God:    Ignis [*****.]
Gold:   149        SH:  0    Dex:  5    Spells: 7/7 levels left

rFire   + . .      SeeInvis .     - Unarmed
rCold   . . .      Faith    .   (no shield)
rNeg    . . .      Spirit   .   a - +0 robe
rPois   +          Reflect  .   (helmet restricted)
rElec   .          Harm     .   (no cloak)
rCorr   .          Rampage  .   (gloves unavailable)
Will    .....                   (boots unavailable)
Stlth   +.........              (no amulet)
HPRegen 0.99/turn               f - ring of poison resistance
MPRegen 0.10/turn               (no ring)

@: confused, fiery-armoured
A: large, unfitting armour, claws 3, regeneration 1, shaggy fur 1, tough skin 1
a: Renounce Religion, Fiery Armour, Foxfire Swarm, Rising Flame


You were on level 3 of the Dungeon.
You worshipped Ignis.
Ignis was extremely pleased with you.
You visited 1 branch of the dungeon, and saw 3 of its levels.

You collected 149 gold pieces.


Innate Abilities, Weirdness & Mutations

You are too large for most types of armour.
You have claws for hands.
Your natural rate of healing is unusually fast.
You are covered in fur. (AC +1)
You have tough skin. (AC +1)


   Skills:
 - Level 2.4 Fighting
 + Level 7.0 Unarmed Combat
 - Level 1.0 Spellcasting
 - Level 2.1 Fire Magic


You had 7 spell levels left.
You didn't know any spells.
Your spell library contained the following spells:

 Spells                   Type           Power      Damage    Failure   Level
 Scorch                   Fire           8%         2d5       22%         2

Inventory:

Missiles
 g - 6 boomerangs (quivered)
Armour
 a - a +0 robe (worn)
Jewellery
 f - a ring of poison resistance (left claw)
Scrolls
 b - a scroll of teleportation {unknown}
 c - a scroll of identify
 e - a scroll of butterflies {unknown}
Potions
 d - a potion of degeneration {unknown}
 h - a potion of attraction {unknown}

Dungeon Overview and Level Annotations

Branches:
Dungeon (3/15)

Altars:

Annotations:
D:3 Ijyb


Message History

The bat barely misses you. The bat hits you but does no damage.
You completely miss the bat. The bat barely misses you. The bat hits you.
You claw the bat!
You kill the bat!
You see here a +0 trident.
A rat and an adder come into view.
The adder hisses angrily.
You scratch the rat. Your claw misses the rat.
The rat is severely wounded.
You claw the rat!
You kill the rat!
You closely miss the adder. The adder bites you but does no damage.
You closely miss the adder. The adder barely misses you.
You claw the adder!
You kill the adder!
Your Unarmed Combat skill increases to level 7!
Things that are here:
an adder corpse; a rat corpse
Found a robe.
Ijyb the Twisted Goblin comes into view.
She is wielding a +0 dagger and carrying a wand of light (10).
Ijyb shouts!
Ijyb zaps a wand.
The bolt of light hits you!
You are confused.
You start resting.
You feel less confused.
Ijyb is nearby!
Ijyb zaps a wand.
The bolt of light hits you!!
1907 ||| INVOKING Fiery Armour.
A protective cloak of flame settles atop you.
Ijyb zaps a wand.
The bolt of light hits you! Ijyb barely misses you.
You claw Ijyb!
Ijyb is moderately wounded.
Ijyb zaps a wand.
The bolt of light hits you!
You are confused.
Ijyb zaps a wand.
The bolt of light hits you!
You die...

#.................#
#.....##.####.#####
#.....#..#.........
#.....#.##....####.
#.....#..........#.
#######.#..........#.
##.......+......[.....
#..#####.#..........#.
#>...@................
#..g####.##########)#.
#...#..)%....# ###.#.
#...#........# #...#.
#...#........# #.#...
#...#........# #.####
#...#........# ##...##
#...#....(...# #..#...
#........# #.####.


You could see Ijyb.

Vanquished Creatures
  Sigmund (D:3)
  Terence (D:3)
  Jessica (D:2)
  Natasha (D:3)
  2 adders (D:3)
  A worm (D:2)
  2 dart slugs (D:1)
  An orc (D:3)
  An endoplasm (D:2)
  A giant cockroach (D:1)
  5 hobgoblins
  10 jackals
  4 kobolds
  A ball python (D:1)
  4 bats
  3 frilled lizards
  4 goblins
  7 rats
50 creatures vanquished.

Notes
Turn   | Place    | Note
-------+----------+-------------------------------------------
     0 | D:1      | qw the Troll Cinder Acolyte began the quest for the Orb.
     0 | D:1      | Reached XP level 1. HP: 22/22 MP: 1/1
     0 | D:1      | 0 ||| qw: Version: 0.1-a-97-g2dd2ca4
     0 | D:1      | 0 ||| qw: Game counter: 4804
     0 | D:1      | 0 ||| qw: Always use a shield: true
     0 | D:1      | 0 ||| qw: God list: Okawaru
     0 | D:1      | 0 ||| qw: Allow faded altars: false
     0 | D:1      | 0 ||| qw: Do Orc after D:15 true
     0 | D:1      | 0 ||| qw: Do second Lair branch before Depths: true
     0 | D:1      | 0 ||| qw: Lair rune preference: random
     0 | D:1      | 0 ||| qw: Plans: Normal
     0 | D:1      | 0 ||| PLANNING D:1-11
   333 | D:1      | 333 ||| Stepping ~*~*~tactically~*~*~ (hiding).
   464 | D:1      | Reached XP level 2. HP: 29/29 MP: 2/2
   828 | D:1      | 828 ||| READING scroll labelled SYIPHESEXO.
   997 | D:2      | Reached skill level 4 in Unarmed Combat
  1001 | D:2      | 1001 ||| Stepping ~*~*~tactically~*~*~ (stealth).
  1002 | D:2      | 1002 ||| Stepping ~*~*~tactically~*~*~ (stealth).
  1003 | D:2      | 1003 ||| Stepping ~*~*~tactically~*~*~ (stealth).
  1010 | D:2      | 1010 ||| INVOKING Fiery Armour.
  1017 | D:2      | Reached XP level 3. HP: 36/36 MP: 3/3
  1120 | D:2      | Found a faded altar of an unknown god.
  1414 | D:2      | Noticed Jessica
  1420 | D:2      | Killed Jessica
  1471 | D:2      | 1471 ||| UPGRADING to ring of poison resistance.
  1472 | D:2      | 1472 ||| READING 2 scrolls labelled YNEAC TOLOOCWU.
  1473 | D:2      | 1473 ||| READING 3 scrolls labelled MOABOKAFOCH.
  1474 | D:2      | 1474 ||| READING scroll labelled MARRESUADA.
  1575 | D:2      | 1575 ||| DROPPING 2 scrolls of magic mapping.
  1610 | D:3      | 1610 ||| Stepping ~*~*~tactically~*~*~ (stealth).
  1620 | D:3      | Reached skill level 5 in Unarmed Combat
  1620 | D:3      | Reached XP level 4. HP: 43/44 MP: 4/4
  1659 | D:3      | Noticed Terence
  1664 | D:3      | Killed Terence
  1730 | D:3      | Noticed Sigmund
  1731 | D:3      | 1731 ||| Stepping ~*~*~tactically~*~*~ (stealth).
  1733 | D:3      | 1733 ||| Stepping ~*~*~tactically~*~*~ (hiding).
  1735 | D:3      | 1735 ||| Stepping ~*~*~tactically~*~*~ (hiding).
  1749 | D:3      | Killed Sigmund
  1750 | D:3      | Reached skill level 6 in Unarmed Combat
  1750 | D:3      | Reached XP level 5. HP: 40/50 MP: 5/5
  1750 | D:3      | Reached XP level 6. HP: 48/59 MP: 6/6
  1773 | D:3      | Noticed Natasha
  1774 | D:3      | 1774 ||| Stepping ~*~*~tactically~*~*~ (stealth).
  1779 | D:3      | Killed Natasha
  1852 | D:3      | Reached skill level 7 in Unarmed Combat
  1902 | D:3      | Noticed Ijyb
  1907 | D:3      | 1907 ||| INVOKING Fiery Armour.
  1909 | D:3      | HP: 11/59 [Ijyb/bolt of light (12)]
  1910 | D:3      | Killed from afar by Ijyb

Levels and vault maps discovered:
D:1:      saegor_arrival_fortress, layout_basic, lemuel_old_faithful
D:2:      layout_loops_ring, shapermc_ecumenical_altar_mp_vishouse, uniq_jessica
D:3:      minmay_skewed_foursquare, layout_basic, uniq_sigmund, uniq_natasha,
          uniq_ijyb, uniq_terence

Skill      XL: |  1  2  3  4  5  6 |
---------------+-------------------+-----
Unarmed Combat | 4 5 6 7 |  7.0
Fighting       | |  2.4
Spellcasting   | |  1.0
Fire Magic     | |  2.1

Action                   |  1- 3 |  4- 6 || total
-------------------------+-------+-------++-------
Melee: Unarmed           |    69 |    46 ||   115
Throw: Boomerang         |     3 |     7 ||    10
Invok: Fiery Armour      |     1 |     1 ||     2
  Use: Scroll            |     4 |       ||     4
Armor: Robe              |    24 |    11 ||    35
Dodge: Dodged            |    33 |    16 ||    49

Table legend:
 A = Non-vault XP
 B = Vault XP
 C = Vault XP percentage of total XP
 D = Non-vault monster count
 E = Vault monster count
 F = Vault count percentage of total count
                 A         B        C        D         E       F
            +---------+---------+-------+---------+---------+-------
      Total |     103 |     331 |  76.3 |      46 |       4 |   8.0
            +---------+---------+-------+---------+---------+-------
        D:1 |      20 |       0 |   0.0 |      11 |       0 |   0.0
        D:2 |      34 |      37 |  52.1 |      19 |       1 |   5.0
        D:3 |      49 |     294 |  85.7 |      16 |       3 |  15.8
            +---------+---------+-------+---------+---------+-------
